cohdb
Replays
Latest Replays
All Replays
Popular Replays
Top Player Replays
Match Explorer
How It Works
Community
CoH3 Stats
Reddit
Sign in to upload your games and track your stats! →
Sign in with Steam
Match 36095529
Unlisted
Match 36095529
Overview
Messages
Build Orders
End
Construct Barracks
Riflemen Squad
Riflemen Squad
Grenade Package
Riflemen Squad
Infantry Support Center
Construct Motor Pool
Selects Advanced Infantry Battlegroup
Selects Advanced Infantry Battlegroup
Selects Advanced Infantry Battlegroup
Selects Convert to Ranger Squad
M1 Anti-tank Gun Team
Selects Frontline Medical Station
Frontline Medical Station
M1918 Browning Automatic Rifles
M1 Mortar Team
Selects Ammunition Storage
M1 Anti-tank Gun Team
Demolitions Package
Munitions Surplus
Construct Tank Depot
Riflemen Squad
Selects M2A1 105mm Howitzer Emplacement
Survival Training
Advanced Logistics
Selects 155mm Rapid Artillery Barrage
155mm Rapid Artillery Barrage
SirFecker
Dream Migi
21651779
Yukon Cornelius
~长枪他妈被我当狗日~
CAPSL0CKS0N
matrix4x4
china天津饭
0
0
Comments
sign in to comment!
No comments posted yet!